 Dungeon Crawl Stone Soup version 0.18.1-5-g4a78601 (webtiles) character file.

150 Scarto the Covered (level 5, 0/33 HPs)
             Began as a Gargoyle Fighter on May 11, 2016.
             Slain by a crimson imp (3 damage)
             ... on level 4 of the Dungeon.
             The game lasted 00:05:06 (1837 turns).

Scarto the Covered (Gargoyle Fighter)               Turns: 1837, Time: 00:05:07

Health: 0/33       AC: 11    Str: 21    XL:     5   Next: 32%
Magic:  5/5        EV:  7    Int:  8    God:
Gold:   115        SH:  9    Dex:  9    Spells: 0 memorised, 4 levels left

rFire  . . .     SeeInvis .     a - +1 flail
rCold  . . .     Gourm    .     b - +0 scale mail
rNeg   + . .     Faith    .     c - +0 shield
rPois  ∞         Spirit   .     (no helmet)
rElec  +         Dismiss  .     (no cloak)
rCorr  .         Reflect  .     (no gloves)
SustAt .         Harm     .     (no boots)
MR     .....                    (no amulet)
Stlth  ..........               (no ring)
                                (no ring)

@: not resistant to hostile enchantments, extremely unstealthy
A: negative energy resistance 1, electricity resistance, unbreathing,
petrification resistance, rot immunity, AC +4
a: no special abilities


You were on level 4 of the Dungeon.
You were not hungry.

You visited 1 branch of the dungeon, and saw 4 of its levels.

You collected 115 gold pieces.

Inventory:

Hand Weapons
 a - a +1 flail (weapon)
Missiles
 p - 9 tomahawks (quivered)
Armour
 b - a +0 scale mail (worn)
 c - a +0 shield (worn)
Scrolls
 e - 3 scrolls of identify
 n - 2 scrolls of remove curse
Potions
 d - 2 potions of might
 g - a potion of cancellation {unknown}
 h - a potion of haste {unknown}
 i - a potion of curing {unknown}
 j - a potion of brilliance {unknown}
 l - a potion of agility {unknown}
 o - 2 potions of magic {unknown}
 q - a potion of beneficial mutation {unknown}
 s - a potion of mutation {unknown}
Comestibles
 f - a bread ration
 k - 2 beef jerkies
 r - a meat ration
 u - 5 fruits


   Skills:
 + Level 4.1 Fighting
 + Level 3.4 Maces & Flails
 + Level 4.2 Armour
 + Level 4.1 Shields


You had 4 spell levels left.
You didn't know any spells.

Dungeon Overview and Level Annotations

Branches:
Dungeon (4/15)
 Temple: D:4-7

Altars:
Fedhas
Gozag


Innate Abilities, Weirdness & Mutations

You are resistant to torment.
Your stone body is resilient (AC +4).
You are immune to poison.
You resist negative energy.
You are resistant to electric shocks.
You can survive without breathing.
You are immune to petrification.
You are immune to rotting.


Message History

You barely miss the gnoll. You block the gnoll's attack.
The crimson imp blinks!
The giant newt bites you but does no damage.
You thump the gnoll!
You kill the gnoll!
You block the giant newt's attack. x2; The crimson imp blinks!
You closely miss the giant newt. The giant newt bites you.
* * * LOW HITPOINT WARNING * * *
Your scale mail prevents you from hitting the giant newt.
You block the giant newt's attack. The giant newt barely misses you.
You closely miss the giant newt.
The giant newt hisses menacingly.
You block the giant newt's attack.
You hit the giant newt but do no damage.
You block the giant newt's attack.
Your shield and scale mail prevent you from hitting the giant newt.
The giant newt barely misses you.
The crimson imp hits you but does no damage.
The giant newt barely misses you. The crimson imp hits you.
You die...

...####.......#
#...(........#
..####........#
###.......#
..............#
#.#####.......#
#.......##
#...)5...##
###.l@....#
#...))....#
#.........#
#.........#
#....).[..#
#.........#
#........##
$.........


You could see a crimson imp and a giant newt.

Vanquished Creatures
  Jessica (D:2)
  Natasha (D:3)
  3 adders (D:2)
  3 gnolls (D:4)
  A worm (D:3)
  A dart slug (D:1)
  2 giant geckos
  2 ball pythons
  5 bats
  2 giant cockroaches
  2 goblins
  5 hobgoblins
  A quokka (D:2)
  A giant newt (D:1)
  7 kobolds
  4 rats
41 creatures vanquished.

Notes
Turn   | Place    | Note
--------------------------------------------------------------
     0 | D:1      | Scarto the Gargoyle Fighter began the quest for the Orb.
     0 | D:1      | Reached XP level 1. HP: 14/14 MP: 1/1
   175 | D:1      | Reached XP level 2. HP: 19/19 MP: 2/2
   619 | D:1      | Reached XP level 3. HP: 23/23 MP: 3/3
   882 | D:2      | Found an opulent altar of Gozag.
   995 | D:2      | Found a blossoming altar of Fedhas.
  1025 | D:2      | Noticed Jessica
  1030 | D:2      | Killed Jessica
  1030 | D:2      | Reached XP level 4. HP: 29/29 MP: 4/4
  1620 | D:3      | Noticed Natasha
  1630 | D:3      | Killed Natasha
  1630 | D:3      | Reached XP level 5. HP: 22/33 MP: 5/5
  1837 | D:4      | Slain by a crimson imp

Skill      XL: |  1  2  3  4 |
---------------+-------------+-----
Fighting       | 4 |  4.1
Maces & Flails | 3 |  3.4
Armour         | 4 |  4.2
Shields        | 4 |  4.1

Action                   |  1- 3 |  4- 6 || total
-------------------------+-------+-------++-------
Melee: Flail             |   100 |    91 ||   191
  Use: Scroll            |       |     6 ||     6
  Eat: Bread ration      |       |     1 ||     1
Armor: Scale mail        |    49 |    72 ||   121
Dodge: Dodged            |    32 |    49 ||    81
Block: Shield            |    49 |    84 ||   133
